 Dungeon Crawl Stone Soup version 0.30-a0-867-g305f33218d (webtiles) character file.

Game seed: 17932410608339966252

164 Dittersdorf the Covered (level 5, -3/33 HPs)
             Began as a Gargoyle Fighter on Mar 10, 2023.
             Engulfed by a cloud of flame (11 damage)
             ... on level 4 of the Dungeon.
             The game lasted 00:02:29 (2663 turns).

Dittersdorf the Covered (Gargoyle Fighter)          Turns: 2663, Time: 00:02:30

Health: -3/33      AC: 10    Str: 34    XL:     5   Next: 45%
Magic:  5/5        EV: 10    Int:  8    God:
Gold:   135        SH:  4    Dex:  9    Spells: 4/4 levels left

rFire   + . .      SeeInvis .    a - +0 flail
rCold   . . .      Faith    .    c - +0 buckler
rNeg    + . .      Spirit   .    g - +1 ring mail {rF+}
rPois   ∞          Reflect  .    (no helmet)
rElec   +          Rampage  .    (no cloak)
rCorr   .                        (no gloves)
Will    .....                    (no boots) Stlth
                                 (no amulet)
HPRegen 0.25/turn                u - +6 ring of strength
MPRegen 0.09/turn                q - +6 ring of strength

@: no status effects
A: sickness immunity, AC +4, negative energy resistance 1, electricity
resistance, torment resistance 1, petrification resistance
a: no special abilities


You were on level 4 of the Dungeon.
You visited 1 branch of the dungeon, and saw 4 of its levels.

You collected 135 gold pieces.

Inventory:

Hand Weapons
 a - a +0 flail (weapon)
Armour
 c - a +0 buckler (worn)
 g - a +1 ring mail of fire resistance (worn)
Jewellery
 q - a +6 ring of strength (right hand)
 u - a +6 ring of strength (left hand)
Scrolls
 f - a scroll of magic mapping {unknown}
 i - a scroll of amnesia {unknown}
 j - a scroll of identify {unknown}
 k - a scroll of fog {unknown}
 p - a scroll of noise {unknown}
 r - a scroll of torment {unknown}
 s - a scroll of teleportation {unknown}
 t - a scroll of enchant armour {unknown}
Potions
 d - a potion of might
 e - a potion of ambrosia {unknown}
 h - 4 potions of curing {unknown}
 m - 3 potions of heal wounds {unknown}
 n - a potion of invisibility {unknown}
 o - a potion of berserk rage {unknown}


   Skills:
 + Level 4.3 Fighting
 + Level 3.2 Maces & Flails
 + Level 4.3 Armour
 + Level 4.3 Shields


You had 4 spell levels left.
You didn't know any spells.
Your spell library contained the following spells:

 Spells                   Type           Power      Damage    Failure   Level
 Sandblast                Erth           0%         2d4       58%         1
 Passwall                 Tmut/Erth      0%         N/A       75%         2
 Stone Arrow              Conj/Erth      0%         3d7       92%         3
 Tukima's Dance           Hex            0%         N/A       92%         3
 Airstrike                Air            0%         2d(0-16)  100%        4
 Passage of Golubria      Tloc           0%         N/A       100%        4
 Summon Lightning Spire   Summ/Air       0%         N/A       100%        4
 Lightning Bolt           Conj/Air       0%         1d11      100%        5
 Yara's Violent Unravell  Hex/Tmut       0%         3d3       100%        5


Dungeon Overview and Level Annotations

Branches:
Dungeon (4/15)
 Temple: D:4-7

Altars:


Innate Abilities, Weirdness & Mutations

You are immune to sickness and miasma.
Your stone body is resilient. (AC +4)
You are immune to poison.
You resist negative energy. (rN+)
You are resistant to electric shocks. (rElec)
You are resistant to unholy torment.
You are immune to petrification.


Message History

u - a +6 ring of strength
There is an open door here.
There is an open door here.
There is an open door here.
Done exploring.
Done exploring.
You're wearing all the rings you can.
Remove which one? (? for menu, Esc to cancel) < or
l - a ring of wizardry; > or
q - a +6 ring of strength You remove your ring of wizardry.
You feel stronger.
u - a +6 ring of strength (left hand)
You drop a ring of wizardry.
Unknown command.
(D) Dungeon
Where to? (Enter - D:3, ? - help)
What level of the Dungeon? (default 1, ? - help)
There is a stone staircase leading down here.
You climb downwards.
The hobgoblin shouts!
Found a scroll labelled RUYL QUROR DOMM.
There is a stone staircase leading up here.
A hobgoblin is nearby!
As you read the scroll labelled XIBBESSU LEIZA, it crumbles to dust.
The creatures around you are filled with an inner flame!
It was a scroll of immolation.
You hit the hobgoblin but do no damage. The hobgoblin misses you.
You hit the hobgoblin but do no damage. You block the hobgoblin's attack.
You barely miss the hobgoblin. You block the hobgoblin's attack.
You barely miss the hobgoblin. The hobgoblin closely misses you.
The hobgoblin barely misses you.
You closely miss the hobgoblin. The hobgoblin misses you.
You hit the hobgoblin.
The hobgoblin explodes!
The fiery explosion engulfs you! You resist.
You are engulfed in blazing flames.
You resist.
* * * LOW HITPOINT WARNING * * *
You hear a shout!
You are engulfed in blazing flames.
You resist.
You die...

#.# #.# #.#
... # #.#
+. #.#
##§#§#
#.§.@#
?....§.§..#
...####.#.#
. ..#.# #.#
# ..# #.#
#.#


There were no monsters in sight!

Vanquished Creatures
  A black bear (D:3)
  A gnoll (D:1)
  An adder (D:3)
  A worm (D:2)
  2 dart slugs
  An orc (D:3)
  3 ball pythons
  2 endoplasms
  4 giant cockroaches
  8 goblins
  5 hobgoblins
  3 jackals (D:1)
  3 quokkas
  3 bats (D:1)
  2 frilled lizards
  2 kobolds (D:1)
  6 rats
48 creatures vanquished.

Notes
Turn   | Place    | Note
-------+----------+-------------------------------------------
     0 | D:1      | Dittersdorf the Gargoyle Fighter began the quest for the
                  | Orb.
     0 | D:1      | Reached XP level 1. HP: 14/14 MP: 1/1
   119 | D:1      | Reached XP level 2. HP: 14/19 MP: 2/2
   471 | D:1      | Reached XP level 3. HP: 23/23 MP: 3/3
   984 | D:2      | Found a faded altar of an unknown god.
  1586 | D:3      | Noticed a black bear
  1617 | D:3      | Killed a black bear
  1618 | D:3      | Reached XP level 4. HP: 10/29 MP: 4/4
  1618 | D:3      | Reached XP level 5. HP: 12/33 MP: 5/5
  2663 | D:4      | Engulfed by a cloud of flame

Illustrated notes

Levels and vault maps discovered:
D:1:      sevenhm_arrival_forest_fort_small_3, layout_basic, serial_curves,
          eino_curves_04, eino_curves_03, eino_curves_03, eino_curves_02,
          minmay_heptomino_w4
D:2:      layout_basic, hellmonk_ecumenical_altar_arch_garden
D:3:      layout_basic, dreamdust_princess_bridge
D:4:      layout_basic, lemuel_coloured_pillars_altar, gammafunk_ghost_cemetery,
          uniq_grinder

Skill      XL: |  1  2  3 |
---------------+----------+-----
Fighting       | 4 |  4.3
Maces & Flails | 3 |  3.2
Armour         | 4 |  4.3
Shields        | 4 |  4.3

Action                     |  1- 3 |  4- 6 || total
---------------------------+-------+-------++-------
  Melee: Flail             |   111 |    40 ||   151
    Use: Scroll            |       |     1 ||     1
 Armour: Scale mail        |    29 |       ||    29
         Ring mail         |    38 |    13 ||    51
  Dodge: Dodged            |    42 |    18 ||    60
  Block: Buckler           |    18 |    11 ||    29

Table legend: (Time is in decaauts)
 A = Elapsed time spent in this place.
 B = Non-inter-level travel time spent in this place.
 C = Inter-level travel time spent in this place.
 D = Time resting spent in this place.
 E = Time spent auto-exploring this place.
 F = Levels seen in this place.
 G = Mean time per level.
                   A        B        C        D        E       F      G
               +--------+--------+--------+--------+--------+-----+--------+
         Total |   2707 |   2575 |    132 |      0 |   2175 |   4 |  676.8 |
       Dungeon |   2707 |   2575 |    132 |      0 |   2175 |   4 |  676.8 |
               +--------+--------+--------+--------+--------+-----+--------+

Top non-repeatable levels by time:
     D:3: 1127 daAuts
     D:1: 1029 daAuts
     D:2: 535 daAuts
     D:4: 14 daAuts
